 Dungeon Sprint DCSS version 0.19.0-11-g3fc08b3 (webtiles) character file.

199 poirepourri the Ruffian (level 5, -2/47 HPs)
             Began as a Ghoul Warper on Nov 9, 2016.
             Slain by a deep elf mage
             ... wielding a +2 long sword of holy wrath
              (7 damage)
             ... in the Dungeon (Sprint III: "The Ten Rune Challenge").
             The game lasted 00:03:51 (825 turns).

poirepourri the Ruffian (Ghoul Warper)               Turns: 825, Time: 00:03:51

Health: -2/47      AC:  3    Str: 15    XL:     5   Next: 77%
Magic:  8/10       EV: 13    Int:  8    God:
Gold:   33         SH:  0    Dex:  9    Spells: 4 memorised, 2 levels left

rFire  . . .     SeeInvis .       - Unarmed
rCold  + . .     Gourm    .     a - +0 leather armour
rNeg   + + +     Faith    .     (no shield)
rPois  ∞         Spirit   .     (no helmet)
rElec  .         Reflect  .     (no cloak)
rCorr  .         Harm     .     (no gloves)
MR     .....     NoTele   +     (no boots)
Stlth  +.........               (no amulet)
                                (no ring)
                                (no ring)

@: shrouded, rotting
A: rotting body, claws 1, carnivore 3, cold resistance 1, negative energy
resistance 3, slow regeneration 1, torment resistance, unbreathing
a: no special abilities


You were in the Dungeon.
You were not hungry.

You visited 1 branch You collected 33 gold pieces.

Inventory:

Missiles
 d - 5 tomahawks of dispersal (quivered)
Armour
 a - a +0 leather armour (worn)
Wands
 k - a wand of hasting (3/9)
Scrolls
 c - 2 scrolls of blinking
 r - 2 scrolls of remove curse
Potions
 e - a potion of curing
 g - a potion of heal wounds
 h - a potion of haste
 i - 2 potions of magic
 j - a potion of berserk rage
 l - 2 potions of mutation
 o - a potion of cancellation
 p - a potion of agility
 s - a potion of flight {unknown}
Books
 b - a book of Spatial Translocations

   Spells                             Type                      Level
   a - Blink                          Translocation                2
   b - Shroud of Golubria             Charms/Translocation         2
   c - Lesser Beckoning               Translocation                3
   d - Portal Projectile              Translocation                3
   e - Teleport Other                 Translocation                3
   f - Passage of Golubria            Translocation                4
 m - a book of Cantrips

   Spells                             Type                      Level
   a - Confusing Touch                Hexes                        1
   b - Animate Skeleton               Necromancy                   1
   c - Summon Small Mammal            Summoning                    1
   d - Apportation                    Translocation                1
 n - a book of the Dragon

   Spells                             Type                      Level
   a - Flame Tongue                   Conjuration/Fire             1
   b - Cause Fear                     Hexes                        4
   c - Bolt of Fire                   Conjuration/Fire             6
   d - Dragon Form                    Transmutation                7
   e - Dragon's Call                  Summoning                    9
Comestibles
 f - a meat ration


   Skills:
 + Level 4.7 Fighting
 + Level 1.4 Throwing
 + Level 3.0 Armour
 + Level 4.3 Dodging
 + Level 6.7 Unarmed Combat
 + Level 4.3 Spellcasting
 + Level 1.2 Charms
 + Level 5.0 Translocations


You had 2 spell levels left.
You knew the following spells:

 Your Spells              Type           Power        Failure   Level  Hunger
a - Blink                 Tloc           N/A          10%         2    ###....
b - Shroud of Golubria    Chrm/Tloc      #.........   17%         2    ###....
c - Lesser Beckoning      Tloc           #.........   14%         3    ###....
d - Portal Projectile     Tloc           #.....       14%         3    ###....


Dungeon Overview and Level Annotations

Branches:
Dungeon (1/1)

Altars:
Elyvilon
Kikubaaqudgha
Sif Muna
Vehumet
Zin
The Shining One


Innate Abilities, Weirdness & Mutations

Your body is rotting away.
You thrive on raw meat.
You are immune to poison.
You have sharp fingernails.
You are carnivorous and can eat meat at any time.
Your flesh is cold resistant. (rC+)
You are immune to negative energy. (rN+++)
You regenerate slowly when monsters are visible.
You are immune to unholy pain and torment.
You can survive without breathing.


Message History

A deep elf mage comes into view.
It is wielding a long sword of holy wrath.
The deep elf mage barely misses you.
There is an open door here.
You claw the deep elf mage!
The deep elf mage is moderately wounded.
You miss the deep elf mage.
The deep elf mage is moderately wounded.
The deep elf mage gestures at you while chanting.
The bolt of lightning hits you!
You claw the deep elf mage!
The deep elf mage is heavily wounded.
The deep elf mage points at you and mumbles some strange words.
The bolt of lightning hits you!
* * * LOW HITPOINT WARNING * * *
You closely miss the deep elf mage.
The deep elf mage is heavily wounded.
The deep elf mage hits you with a long sword of holy wrath.
* * * LOW HITPOINT WARNING * * *
You convulse!
You die...

▓▓▓▓ ▓▓▓ ...####
##.#####
......#####..#___#
...[...#%%#..#.e.#
#.##...#..#..###@#+###+#
#.###..##'#..#..........
##.##..###...'.⌠........
..##..####...#...######+
..##..###....#.⌠.#
.##...##.....#)..#
##....#......#'###
##..##.#.....#)..#
#..#####....#___#


You could see a deep elf mage.

Vanquished Creatures
  A water elemental (D)
  A scorpion (D)
  A wizard (D)
  Jessica (D)
  A kobold demonologist (D)
  A human (D)
  2 rats (D)
8 creatures vanquished.

Vanquished Creatures (others)
  2 draconian scorchers (D)
  6 hellions (D)
  2 yaktaurs (D)
10 creatures vanquished.

Grand Total: 18 creatures vanquished

Notes
Turn   | Place    | Note
-------+----------+-------------------------------------------
     0 | D        | poirepourri the Ghoul Warper began the quest for the Orb.
     0 | D        | Reached XP level 1. HP: 17/17 MP: 2/2
    44 | D        | Noticed Jessica
    54 | D        | Killed Jessica
    54 | D        | Reached skill level 1 in Throwing
    54 | D        | Reached skill level 1 in Armour
    54 | D        | Reached skill level 4 in Unarmed Combat
    54 | D        | Reached XP level 2. HP: 6/26 MP: 3/5
    54 | D        | Reached XP level 3. HP: 7/31 MP: 3/6
    74 | D        | Killed a hellion
    74 | D        | Killed a hellion
    76 | D        | Killed a hellion
    97 | D        | Killed a hellion
   135 | D        | Killed a hellion
   136 | D        | Killed a hellion
   166 | D        | Killed a white draconian scorcher
   202 | D        | Learned a level 2 spell: Blink
   205 | D        | Learned a level 2 spell: Shroud of Golubria
   205 | D        | Killed a white draconian scorcher
   209 | D        | Learned a level 3 spell: Lesser Beckoning
   321 | D        | Noticed a scorpion
   321 | D        | Killed a yaktaur
   329 | D        | Killed a scorpion
   329 | D        | Reached skill level 5 in Unarmed Combat
   329 | D        | Reached XP level 4. HP: 39/40 MP: 4/8
   448 | D        | Noticed a water elemental
   458 | D        | Killed a water elemental
   458 | D        | Reached skill level 6 in Unarmed Combat
   458 | D        | Reached XP level 5. HP: 22/47 MP: 7/10
   544 | D        | Learned a level 3 spell: Portal Projectile
   706 | D        | Killed a yaktaur
   736 | D        | Found a radiant altar of Vehumet.
   736 | D        | Found a deep blue altar of Sif Muna.
   736 | D        | Found an ancient bone altar of Kikubaaqudgha.
   749 | D        | Reached skill level 1 in Charms
   755 | D        | Reached skill level 5 in Translocations
   819 | D        | Found a glowing silver altar of Zin.
   819 | D        | Found a glowing golden altar of the Shining One.
   819 | D        | Found a white marble altar of Elyvilon.
   821 | D        | Noticed a deep elf mage
   825 | D        | Slain by a deep elf mage

Skill      XL: |  1  2  3  4  5 |
---------------+----------------+-----
Dodging        | 2 3 4 |  4.3
Spellcasting   | 3 4 |  4.3
Fighting       | 3 4 |  4.7
Throwing       | 1 |  1.4
Armour         | 1 2 3 |  3.0
Unarmed Combat | 4 5 6 |  6.7
Translocations | 4 5 |  5.0
Charms         | 1 |  1.2

Action                   |  1- 3 |  4- 6 || total
-------------------------+-------+-------++-------
Melee: Unarmed           |    31 |    29 ||    60
       Punch             |     1 |       ||     1
 Cast: Shroud of Golubri |     2 |     3 ||     5
  Use: Scroll            |       |     5 ||     5
  Eat: Chunk             |       |     4 ||     4
Armor: Leather armour    |     1 |    15 ||    16
Dodge: Dodged            |    19 |    26 ||    45
